 Dungeon Crawl Stone Soup version 0.17-a0-1195-g0639cb0 (webtiles) character file.

146 Chiseanne the Chucker (level 5, -1/31 HPs)
             Began as a Kobold Hunter on June 2, 2015.
             Succumbed to Duvessa's poison
             ... on level 4 of the Dungeon.
             The game lasted 00:09:00 (3455 turns).

Chiseanne the Chucker (Kobold Hunter)               Turns: 3455, Time: 00:09:00

Health: -1/31      AC: 10    Str: 10    XL:     5   Next: 53%
Magic:  5/5        EV: 12    Int:  9    God:
Gold:   187        SH:  5    Dex: 23    Spells: 0 memorised, 4 levels left

rFire  . . .     SeeInvis +     a - +3 whip (pain)
rCold  . . .     Clarity  .     r - +1 scale mail
rNeg   . . .     SustAt   .     u - +0 buckler
rPois  +         Gourm    .     f - +2 helmet {SInv}
rElec  .         Spirit   .     (no cloak)
rCorr  .         Warding  .     (no gloves)
rMut   .         Stasis   .     (no boots)
MR     .....                    (no amulet)
Stlth  +.........               h - +5 ring of dexterity
                                l - ring of poison resistance

@: lethally poisoned (-1 -> -15), not resistant to hostile enchantments, very
unstealthy
A: carnivore 3
a: no special abilities


You were on level 4 of the Dungeon.
You were very full.

You visited 1 branch of the dungeon, and saw 5 of its levels.

You collected 187 gold pieces.

Inventory:

Hand weapons
 a - a +3 whip of pain (weapon)
 s - a +0 whip of holy wrath
Missiles
 c - a throwing net (quivered)
 d - 26 poisoned needles
 g - 126 stones
 o - 19 bolts
Armour
 f - a +2 helmet of see invisible (worn)
 r - a +1 scale mail (worn)
 u - a +0 buckler (worn)
Jewellery
 h - a +5 ring of dexterity (right hand)
 l - a ring of poison resistance (left hand)
Magical devices
 m - a wand of flame (43)
Scrolls
 k - 4 scrolls of remove curse
 n - a scroll of teleportation
Potions
 i - 2 potions of flight
 j - a potion of lignification
 p - 2 potions of agility
 t - a potion of curing {unknown}
 v - a potion of poison {unknown}
Books
 w - a book of Enchantments

   Spells                             Type                      Level
   a - Cause Fear                     Hexes                        4
   b - Silence                        Hexes/Air                    5
   c - Deflect Missiles               Charms/Air                   6
   d - Haste                          Charms                       6
   e - Discord                        Hexes                        8
Comestibles
 e - 2 meat rations
 q - a slice of pizza


   Skills:
 * Level 2.5 Fighting
 * Level 7.4 Throwing
 * Level 0.2 Armour
 * Level 3.7 Dodging
 - Level 1.3 Stealth
 * Level 0.4 Shields


You had 4 spell levels left.
You didn't know any spells.

Dungeon Overview and Level Annotations

Branches:
Dungeon (5/15)
 Temple: D:4-7

Altars:
Yredelemnul
The Shining One

Annotations:
D:2 exclusion: door
D:4 Dowan; Duvessa; Mulkerokala's ghost, average FeEn


Innate Abilities, Weirdness & Mutations

You are small and have problems with some larger weapons.
You are carnivorous and can eat meat at any time.


Message History

The net rips apart, and Duvessa comes free!
The hound barks!
You hit Duvessa but do no damage.
Duvessa is almost dead.
You hear a shout!
Duvessa hits you with a rapier of venom.
You are more poisoned.
You hit Duvessa.
Duvessa is almost dead.
You feel sick. The ogre hits you with a giant club.
Duvessa hits you but does no damage.
You closely miss Duvessa.
Duvessa is almost dead.
You feel sick. The ogre hits you with a giant club!
Ouch! That really hurt!
* * * LOW HITPOINT WARNING * * *
Duvessa hits you but does no damage. The hound closely misses you.
You hit Duvessa but do no damage.
Duvessa is almost dead.
You die...

*..........#*
*..........#
*.........#*
*.........#
*#..#####.## **** ##(#
##.## #####e#.#
####....@O.##
#....>...h#.#
*#...........##
#.............##
#..............#
#............#.##
#............#..####
##..........###.#..####
#..........# #.......#


You could see Duvessa, an ogre and a hound.

Vanquished Creatures
  7 adders
  A gnoll (D:1)
  A shadow imp (D:4)
  An ooze (D:2)
  A worm (D:3)
  2 orcs
  9 bats
  3 giant cockroaches (D:1)
  12 goblins
  9 hobgoblins
  A jackal (D:4)
  A quokka (D:3)
  2 ball pythons
  A giant gecko (D:2)
  4 giant newts
  8 kobolds
  2 rats
65 creatures vanquished.

Notes
Turn   | Place    | Note
--------------------------------------------------------------
     0 | D:1      | Chiseanne the Kobold Hunter began the quest for the Orb.
     0 | D:1      | Reached XP level 1. HP: 12/12 MP: 1/1
     6 | D:1      | Noticed a redback
     6 | D:1      | Noticed a black bear
     6 | D:1      | Noticed a hound
     7 | D:1      | Noticed a six-headed hydra
     7 | D:1      | Noticed an anaconda
   181 | D:1      | Reached XP level 2. HP: 14/17 MP: 2/2
   393 | D:1      | Reached skill level 6 in Throwing
   393 | D:1      | Reached XP level 3. HP: 22/22 MP: 3/3
  1322 | D:2      | Reached XP level 4. HP: 27/27 MP: 4/4
  1586 | D:2      | Found a basalt altar of Yredelemnul.
  2072 | D:3      | Reached skill level 7 in Throwing
  2172 | D:3      | Reached XP level 5. HP: 31/31 MP: 5/5
  2866 | D:4      | Found a glowing golden altar of the Shining One.
  2942 | D:4      | Noticed Dowan
  2947 | D:4      | Noticed Duvessa
  2961 | D:4      | Noticed Mulkerokala's ghost (average FeEn)
  3364 | D:5      | Entered Level 5 of the Dungeon
  3450 | D:4      | Noticed an ogre
  3454 | D:4      | HP: 1/31 [ogre/giant club (16)]
  3455 | D:4      | Succumbed to Duvessa's poison

Vault maps used:
D:1:      onia_arrival_zoo_common
D:2:      yredelemnul_forgotten_temple_becter, minmay_splitting_lines,
          minmay_goblin_outpost
D:3:      kennysheep_big_flooded_room
D:4:      tso_altar, uniq_duvessa
D:5:      first_bread, nrook_pool_corridor, serial_bayou_ford_a

Action                   |  1- 3 |  4- 6 || total
-------------------------+-------+-------++-------
Melee: Short sword       |    33 |       ||    33
       Whip              |    44 |    71 ||   115
Throw: Tomahawk          |    38 |    46 ||    84
       Throwing net      |       |     1 ||     1
  Use: Scroll            |     6 |     8 ||    14
 Stab: Sleeping          |     1 |       ||     1
       Held in net/web   |       |     2 ||     2
  Eat: Chunk             |     9 |     6 ||    15
